 Dungeon Crawl Stone Soup version 0.21-a0-471-gd587bd5 (webtiles) character file.

10231 kae the Martial Artist (level 11, 0/94 HPs)
             Began as a Pale Draconian Transmuter on Nov 21, 2017.
             Was an Elder of Wu Jian.
             Slain by a spiny frog (20 damage)
             ... on level 3 of the Lair of Beasts.
             The game lasted 00:14:53 (11895 turns).

kae the Martial Artist (Pale Draconian Transmuter) Turns: 11895, Time: 00:14:54

Health: 0/94       AC: 13    Str:  7    XL:     11   Next: 33%
Magic:  20/21      EV: 12    Int: 14    God:    Wu Jian [****..]
Gold:   369        SH:  4    Dex: 19    Spells: 13/24 levels left

rFire    . . .     SeeInvis .     - Unarmed
rCold    . . .     Gourm    .   v - +0 buckler of Weightlessness {+Blink MR++ Regen+ Str-5}
rNeg     . . .     Faith    .   (armour unavailable)
rPois    .         Spirit   .   (helmet restricted)
rElec    .         Reflect  .   x - +0 cloak
rCorr    .         Harm     .   t - +2 pair of gloves
MR       ++...                  h - +1 pair of boots
Stlth    ++........             B - amulet of magic regeneration
HPRegen  0.65/turn              p - +4 ring of dexterity
MPRegen  0.42/turn              w - ring of flight

@: lethally poisoned (0 -> -11), very slightly contaminated
A: breathe steam, unfitting armour, cold-blooded, AC +7
a: Breathe Steam, Serpent's Lash, Renounce Religion, Evoke Blink, Evoke Flight


You were on level 3 of the Lair of Beasts.
You worshipped Wu Jian.
Wu Jian was greatly pleased with you.
You were very hungry.

You visited 3 branches of the dungeon, and saw 13 of its levels.

You collected 654 gold pieces.
You spent 285 gold pieces at shops.

Inventory:

Hand Weapons
 d - a +0 club of protection
 j - a +1 whip of electrocution
Missiles
 a - 151 arrows
Armour
 h - a +1 pair of boots (worn)
 t - a +2 pair of gloves (worn)
 v - the +0 buckler of Weightlessness (worn) {+Blink MR++ Regen+ Str-5}
   (You bought it in a shop on level 4 of the Dungeon)

   It affects your strength (-5).
   It affects your resistance to hostile enchantments.
   It lets you blink.
   It increases your rate of regeneration.
 x - a +0 cloak (worn)
Jewellery
 p - a +4 ring of dexterity (left hand)
 q - an uncursed ring of stealth
 w - a ring of flight (right hand)
 B - an amulet of magic regeneration (around neck)
 I - an uncursed ring of ice
 K - an uncursed ring of wizardry
Wands
 n - a wand of paralysis (13)
 y - a wand of acid (7)
 C - a wand of iceblast (5)
 J - a wand of scattershot (5)
 M - a wand of flame (13)
 P - a wand of enslavement (13)
Scrolls
 f - a scroll of teleportation
 z - 6 scrolls of remove curse
 D - 2 scrolls of enchant weapon
 E - 2 scrolls of amnesia {unknown}
 F - a scroll of enchant armour
 G - a scroll of magic mapping
Potions
 e - 3 potions of lignification
 g - 2 potions of invisibility
 m - a potion of might
 o - a potion of haste
 r - a potion of agility
 s - 2 potions of curing
 u - 3 potions of berserk rage
 L - 2 potions of flight
 N - a potion of degeneration
 O - a potion of ambrosia
 Q - a potion of heal wounds
Books
 b - a book of Changes

   Spells                             Type                      Level
   a - Beastly Appendage              Transmutation                1
   b - Sticks to Snakes               Transmutation                2
   c - Spider Form                    Transmutation/Poison         3
   d - Ice Form                       Ice/Transmutation            4
   e - Blade Hands                    Transmutation                5
 A - a book of Misfortune

   Spells                             Type                      Level
   a - Confusing Touch                Hexes                        1
   b - Confuse                        Hexes                        3
   c - Gell's Gravitas                Translocation                3
   d - Petrify                        Transmutation/Earth          4
   e - Metabolic Englaciation         Hexes/Ice                    5
   f - Yara's Violent Unravelling     Hexes/Transmutation          5
 H - a book of Maledictions

   Spells                             Type                      Level
   a - Corona                         Hexes                        1
   b - Ensorcelled Hibernation        Hexes/Ice                    2
   c - Confuse                        Hexes                        3
   d - Tukima's Dance                 Hexes                        3
   e - Dazzling Spray                 Conjuration/Hexes            3
Comestibles
 c - 8 bread rations
 i - 31 fruits
 k - 6 royal jellies
 l - 3 meat rations


   Skills:
 + Level 8.0 Fighting
 - Level 1.7 Dodging
 * Level 10.8 Unarmed Combat
 + Level 7.0 Spellcasting
 * Level 10.6 Transmutations


You had 13 spell levels left.
You knew the following spells:

 Your Spells              Type           Power        Failure   Level  Hunger
a - Beastly Appendage     Tmut           ####..       1%          1    None
b - Sticks to Snakes      Tmut           ####....     1%          2    #......
c - Spider Form           Tmut/Pois      ###.......   9%          3    ##.....
d - Blade Hands           Tmut           ####......   9%          5    ######.


Dungeon Overview and Level Annotations

Branches:
Dungeon (9/15)             Temple (1/1) D:4            Lair (3/6) D:9
  Snake (0/4) Lair:3
  Swamp: Lair:2-4    Shoals: Lair:2-4       Orc: D:9-12

Altars:
Ashenzari
Cheibriados
Dithmenos
Elyvilon
Fedhas
Gozag
Hepliaklqana
Kikubaaqudgha
Makhleb
Nemelex Xobeh
Okawaru
Qazlal
Ru
Sif Muna
Trog
Uskayaw
Vehumet
Wu Jian
Xom
Yredelemnul
Zin
The Shining One

Shops:
D:4 [


Innate Abilities, Weirdness & Mutations

You can breathe blasts of scalding, opaque steam.
Your pale cyan-grey scales are hard. (AC +7)
You cannot fit into any form of body armour.
You are cold-blooded and may be slowed by cold attacks.


Message History

The spiny frog is lightly wounded.
You feel sick. The spiny frog stings you.
Your adder barely misses the spiny frog.
You punch the spiny frog!
The spiny frog is moderately wounded.
You feel sick.
The spiny frog stings you but does no damage.
Your adder closely misses the spiny frog.
Your adder bites the spiny frog.
You closely miss the spiny frog.
The spiny frog is heavily wounded.
You feel sick. The spiny frog stings you!
* * * LOW HITPOINT WARNING * * *
You are more poisoned.
The spiny frog poisons you!
Your adder bites the spiny frog.
Your adder bites the spiny frog but does no damage.
You closely miss the spiny frog.
The spiny frog is heavily wounded.
You feel sick. The spiny frog stings you!!
You die...

# ######## ##
###P#..###.#....#.##P##.
...............S........
.............FS......P.
#......### #@....#
#....... ##....##P.
#.....# ##....P#..
#.....+ ..#.....+...
#.....##...##....P#..
#.....##...##....##
####.....##...##.....#
##.#......##... #....##.#
..........#..####........


You could see a spiny frog and 2 friendly adders.

Vanquished Creatures
  A two-headed ogre (D:8)
  Joseph (D:8)
  A black mamba (Lair:2)
  A spiny frog (Lair:1)
  A hornet (D:9)
  4 blink frogs (Lair:2)
  4 hippogriffs
  12 yaks
  A hungry ghost (D:9)
  3 wargs (D:9)
  An acid dragon (D:8)
  2 water moccasins (Lair:2)
  3 porcupines (Lair:2)
  5 orc warriors
  A sky beast (D:6)
  2 ice beasts
  3 phantoms
  4 ogres
  2 black bears
  3 centaurs
  3 crocodiles
  A big kobold (D:9)
  3 bullfrogs
  Blork the orc (D:5)
  A gnoll sergeant (D:9)
  3 wyvern skeletons
  A scorpion (D:6)
  4 howler monkeys
  2 crimson imps (D:6)
  2 bullfrog zombies
  7 jellies
  A hound (D:8)
  A bullfrog skeleton (D:5)
  5 orc priests
  A centaur skeleton (D:4)
  3 iguanas
  Crazy Yiuf (D:3)
  9 worker ants
  11 orc wizards
  A hound zombie (D:8)
  A howler monkey zombie (D:7)
  A worker ant zombie (D:7)
  12 adders
  5 gnolls (D:9)
  An adder zombie (D:7)
  2 adder skeletons
  4 dart slugs
  A leopard gecko (D:4)
  43 orcs
  5 ball pythons
  4 giant cockroaches
  5 goblins
  6 hobgoblins
  11 jackals
  5 kobolds
  4 quokkas
  7 bats
  5 frilled lizards
  4 rats
242 creatures vanquished.

Notes
Turn   | Place    | Note
-------+----------+-------------------------------------------
     0 | D:1      | kae the Draconian Transmuter began the quest for the Orb.
     0 | D:1      | Reached XP level 1. HP: 16/16 MP: 3/3
   251 | D:1      | Reached XP level 2. HP: 22/23 MP: 5/5
   293 | D:1      | Learned a level 2 spell: Sticks to Snakes
  1064 | D:2      | Reached XP level 3. HP: 28/28 MP: 6/6
  1299 | D:2      | Found a faded altar of an unknown god.
  2190 | D:3      | Reached XP level 4. HP: 36/36 MP: 7/7
  2610 | D:3      | Found an opulent altar of Gozag.
  2673 | D:3      | Found a runed door.
  2715 | D:3      | Learned a level 3 spell: Spider Form
  2717 | D:3      | Noticed Crazy Yiuf
  2721 | D:3      | Killed Crazy Yiuf
  2804 | D:4      | Reached XP level 5. HP: 41/41 MP: 8/8
  2822 | D:4      | Noticed an ogre
  2835 | D:4      | Killed an ogre
  2992 | D:4      | Reached XP level 6. HP: 47/50 MP: 10/10
  2993 | D:4      | Found Nugoazof's Antique Armour Boutique.
  3001 | D:4      | Bought an ichor-stained buckler for 285 gold pieces
  3011 | D:4      | Identified the +0 buckler of Weightlessness {+Blink MR++ Regen+ Str-5} (You bought it in a shop on level 4 of the Dungeon)
  3229 | D:4      | Found a radiant altar of Vehumet.
  3312 | D:4      | Found a staircase to the Ecumenical Temple.
  3485 | Temple   | Entered the Ecumenical Temple
  3583 | Temple   | Became a worshipper of the Wu Jian Council
  3766 | D:4      | Reached skill level 5 in Unarmed Combat
  4066 | D:5      | Entered Level 5 of the Dungeon
  4195 | D:5      | Your scales start taking on a pale cyan-grey colour.
  4195 | D:5      | Reached XP level 7. HP: 25/57 MP: 9/12
  4320 | D:5      | Noticed Blork the orc
  4325 | D:5      | Killed Blork the orc
  4477 | D:5      | Found the +8 demon blade "Leech" {vamp, rN+ AC-3 EV-3}
  4830 | D:6      | Reached skill level 5 in Transmutations
  5247 | D:6      | Found a bloodstained altar of Trog.
  5306 | D:6      | Reached * piety under Wu Jian
  5314 | D:6      | Reached XP level 8. HP: 66/66 MP: 13/13
  6438 | D:7      | Reached skill level 5 in Fighting
  6684 | D:7      | Reached XP level 9. HP: 74/74 MP: 16/16
  6865 | D:7      | Reached skill level 5 in Spellcasting
  6882 | D:7      | Reached ** piety under Wu Jian
  7249 | D:7      | Found a shattered altar of Ashenzari.
  7249 | D:7      | Found a sparkling altar of Nemelex Xobeh.
  7254 | D:7      | Found a white marble altar of Elyvilon.
  7256 | D:7      | Found a hide-covered altar of Uskayaw.
  7258 | D:7      | Found a faded altar of an unknown god.
  8015 | D:8      | Learned a level 5 spell: Blade Hands
  8064 | D:8      | Reached XP level 10. HP: 72/84 MP: 18/18
  8494 | D:8      | Noticed a two-headed ogre
  8508 | D:8      | Killed a two-headed ogre
  8662 | D:8      | Noticed Joseph
  8678 | D:8      | Killed Joseph
  8678 | D:8      | Reached *** piety under Wu Jian
  9390 | D:9      | Paralysed by a hornet for 3 turns
  9395 | D:9      | Paralysed by a hornet for 2 turns
  9609 | D:9      | Found a staircase to the Lair.
  9630 | D:9      | Reached skill level 10 in Unarmed Combat
 10255 | Lair:1   | Entered Level 1 of the Lair of Beasts
 10345 | Lair:1   | Noticed a spiny frog
 10361 | Lair:1   | Killed a spiny frog
 10361 | Lair:1   | Reached skill level 10 in Transmutations
 10539 | Lair:1   | You fall through a shaft!
 10550 | Lair:2   | Found a hide-covered altar of Uskayaw.
 10568 | Lair:2   | Reached XP level 11. HP: 85/92 MP: 15/20
 11202 | Lair:2   | Reached **** piety under Wu Jian
 11839 | Lair:3   | Found a staircase to the Snake Pit.
 11895 | Lair:3   | Slain by a spiny frog

Vault maps used:
D:1:      tarquinn_simple_flora_water_b
D:2:      lemuel_upstairs_altar, chequers_ecumenical_altar_twisty
D:3:      lemuel_coloured_pillars_altar, uniq_crazy_yiuf_cottage
D:4:      marbit_many_paths, minmay_temple_entry_trees, serial_shops,
          nicolae_shop_overgrown_old_shop, first_bread
D:5:      uniq_blork_the_orc
D:6:      old_standard_altar
D:7:      chequers_temple_overflow_minitemple
D:8:      uniq_joseph
D:9:      erik_lair_orcish_takeover, blue_anna_alchemist,
          hangedman_decor_riveting, kennysheep_nub
Temple:   regret_index_temple_waves
Lair:1:   basic_altar
Lair:2:   basic_altar
Lair:3:   guppyfry_snake_entry_garden, grunt_forest_stairs_clearing,
          grunt_megastairs_1

Skill      XL: |  1  2  3  4  5  6  7  8  9 10 11 |
---------------+----------------------------------+-----
Transmutations | 3 4 5 7 8 10 | 10.6
Fighting       | 2 3 4 5 6 7 8 |  8.0
Unarmed Combat | 4 5 6 7 9 10 | 10.8
Spellcasting   | 3 4 5 6 7 |  7.0
Dodging        | |  1.7

Action                   |  1- 3 |  4- 6 |  7- 9 | 10-12 || total
-------------------------+-------+-------+-------+-------++-------
Melee: Unarmed           |    19 |       |       |   158 ||   177
       Club              |    54 |       |       |       ||    54
       Headbutt          |     3 |     3 |     1 |       ||     7
       Kick              |     2 |       |       |       ||     2
       Tailslap          |     9 |    13 |    52 |    26 ||   100
       Whip              |    83 |   174 |   344 |   114 ||   715
       Punch             |       |       |       |     1 ||     1
 Cast: Beastly Appendage |     2 |     4 |     2 |     1 ||     9
       Sticks to Snakes  |     1 |     2 |       |     3 ||     6
       Spider Form       |       |       |       |     5 ||     5
       Blade Hands       |       |       |       |     5 ||     5
Invok: Serpent's Lash    |       |       |       |     1 ||     1
 Abil: Breathe Steam     |       |       |    31 |    14 ||    45
Evoke: Wand              |       |       |       |     2 ||     2
  Use: Scroll            |     3 |     7 |     6 |     9 ||    25
       Potion            |       |     1 |       |     3 ||     4
 Stab: Sleeping          |     3 |     2 |     4 |     3 ||    12
       Distracted        |       |       |       |     3 ||     3
  Eat: Chunk             |     4 |     6 |    17 |    14 ||    41
       Fruit             |       |       |       |     1 ||     1
Armor: Skin              |    58 |    84 |   122 |    95 ||   359
Dodge: Dodged            |   102 |    85 |   185 |   132 ||   504
Block: Buckler           |     6 |    25 |    67 |    35 ||   133

Table legend:
 A = Spawn XP
 B = Non-spawn XP
 C = Spawn XP percentage of total XP
 D = Spawn monster count
 E = Non-spawn monster count
 F = Spawn count percentage of total count
 G = Total turns spent on level
                    A         B        C        D         E        F      G
               +---------+---------+-------+---------+---------+-------+---------
         Total |       0 |   14616 |   0.0 |       0 |     242 |   0.0 | 11895
               +---------+---------+-------+---------+---------+-------+---------
           D:1 |       0 |      30 |   0.0 |       0 |      20 |   0.0 |   915
           D:2 |       0 |      38 |   0.0 |       0 |      14 |   0.0 |   796
           D:3 |       0 |     125 |   0.0 |       0 |      24 |   0.0 |  1046
           D:4 |       0 |     469 |   0.0 |       0 |      19 |   0.0 |  1172
           D:5 |       0 |     293 |   0.0 |       0 |      10 |   0.0 |   730
           D:6 |       0 |    1422 |   0.0 |       0 |      31 |   0.0 |  1619
           D:7 |       0 |    2342 |   0.0 |       0 |      38 |   0.0 |  1402
           D:8 |       0 |    3089 |   0.0 |       0 |      33 |   0.0 |  1423
           D:9 |       0 |    2269 |   0.0 |       0 |      30 |   0.0 |  1015
        Lair:1 |       0 |     673 |   0.0 |       0 |       2 |   0.0 |   284
        Lair:2 |       0 |    3765 |   0.0 |       0 |      20 |   0.0 |  1263
        Lair:3 |       0 |     101 |   0.0 |       0 |       1 |   0.0 |    93
               +---------+---------+-------+---------+---------+-------+---------
